 Dungeon Crawl Stone Soup version 0.31-a0-1291-g5386780bc2 (webtiles) character file.

Game seed: 5883833134239673962

1900857 farilari the Skinwalker (level 27, 158/158 (163) HPs)
             Began as a Felid Shapeshifter on Dec 18, 2023.
             Was the Champion of Qazlal.
             Escaped with the Orb
             ... and 4 runes!
             The game lasted 06:41:19 (105504 turns).

farilari the Skinwalker (Felid Shapeshifter)      Turns: 105504, Time: 06:41:21

HP:   158/158 (163) AC: 14    Str: 27    XL:     27
MP:   50/50         EV: 59    Int: 20    God:    Qazlal [******]
Gold: 7838          SH: 13    Dex: 23    Spells: 4/52 levels left
                                        Lives: 2   Deaths: 7

rFire   + .          .
                       - Unarmed
rCold   + + .        (shield unavailable)
rNeg    + . .        (body armour unavailable)
rPois   ∞            (helmet unavailable)
rElec   +            (cloak unavailable)
rCorr   .            (gloves unavailable)
SInv    +            (boots unavailable)
Will    +++++        P - amulet of Xom, Rescuing {Reflect rElec Regen+ Int-4 Dex+6 SH+5}
Stlth   +            T - ring "Lustuz" {rC++ MP+9 Int+6 Stlth+}
HPRegen 1.26/turn    W - ring "Xecac" {Fire rN+ Will+ Str+3 Int+3}
MPRegen 0.32/turn

%: repel missiles, reflection, clarity
@: storm-form, flying, lightly drained
A: cleaving, insubstantial, flying, very small, (claws 1), (fangs 3), see
invisible, (shaggy fur 3), (stealthy paws), no weapons or thrown items, no
armour, multi-lived, clarity, strong-willed 1, strong 1, persistent drain
0: Orb of Zot
}: 4/15 runes: decaying, slimy, silver, gossamer
a: Blinkbolt, Begin Untransformation, Renounce Religion, Upheaval, Elemental
Force, Disaster Area


You escaped.
You worshipped Qazlal.
Qazlal was exalted by your worship.
You were a lightning-filled tempest!
You visited 13 branches of the dungeon, and saw 57 of its levels.
You visited Pandemonium 1 time, and saw 4 of its levels.
You visited 1 ziggurat, and saw 1 of its levels.
You also visited: Sewer, Gauntlet, Ice Cave and Wizlab.

You collected 12874 gold pieces.
You spent 5036 gold pieces at shops.

Inventory:

Jewellery
 k - the ring of Xiunuesch {rF++ rCorr Str-3 SInv}
   (You found it on level 2 of the Orcish Mines)

   [ring of see invisible]

   Str-3:     It affects your strength (-3).
   rF++:      It greatly protects you from fire.
   SInv:      It lets you see invisible.
   rCorr:     It protects you from acid and corrosion.
 n - an amulet of regeneration
 q - the amulet "Tayquv" {Faith -Tele Will++ Int+3}
   (You took it off a frost giant on level 5 of the Vaults)

   [amulet of faith]

   Faith:     It allows you to gain divine favour quickly.
   Int+3:     It affects your intelligence (+3).
   Will++:    It greatly increases your willpower.
   -Tele:     It prevents most forms of teleportation.
 K - the ring of the Coward {rC+ Will+ Slay+2}
   (You acquired it on level 14 of the Dungeon)

   [ring of willpower]

   Slay+2:    It affects your accuracy & damage with ranged weapons and melee
   (+2).
   rC+:       It protects you from cold.
   Will+:     It increases your willpower.
 M - a +6 ring of intelligence
 P - the amulet of Xom, Rescuing (around neck) {Reflect rElec Regen+ Int-4 Dex+6 SH+5}
   (You took it off a deep elf death mage on level 3 of the Elven Halls)

   [amulet of reflection]

   Reflect:   It reflects blocked missile attacks.
   Int-4:     It affects your intelligence (-4).
   Dex+6:     It affects your dexterity (+6).
   rElec:     It insulates you from electricity.
   Regen+:    It increases your rate of health regeneration.
   SH+5:      It affects your SH (+5).
 R - the ring "Tiofish" {Fly rC+ rCorr}
   (You found it on level 5 of the Pits of Slime)

   [ring of flight]

   rC+:       It protects you from cold.
   Fly:       It grants you flight.
   rCorr:     It protects you from acid and corrosion.
 T - the ring "Lustuz" (left paw) {rC++ MP+9 Int+6 Stlth+}
   (You took it off an ogre mage on level 13 of the Dungeon)

   [ring of intelligence]

   Int+6:     It affects your intelligence (+6).
   rC++:      It greatly protects you from cold.
   MP+9:      It affects your magic capacity (+9).
   Stlth+:    It makes you more stealthy.
 W - the ring "Xecac" (right paw) {Fire rN+ Will+ Str+3 Int+3}
   (You took it off a vampire knight on level 15 of the Dungeon)

   [ring of fire]

   Fire:      It enhances your fire magic.
   Str+3:     It affects your strength (+3).
   Int+3:     It affects your intelligence (+3).
   rF+:       It protects you from fire.
   rC-:       It makes you vulnerable to cold.
   rN+:       It protects you from negative energy.
   Will+:     It increases your willpower.
Talismans
 g - the storm talisman of Seiggona (active) {rC+ SInv}
   (You found it on level 4 of the Realm of Zot)

   [storm talisman]

   rC+:       It protects you from cold.
   SInv:      It lets you see invisible.
 J - a dragon-blood talisman
 Y - a granite talisman
Wands
 c - a wand of roots (37)
 e - a wand of acid (42)
 i - a wand of polymorph (70)
 p - a wand of flame (114)
 D - a wand of paralysis (47)
 L - a wand of digging (50)
 Q - a wand of mindburst (60)
Scrolls
 b - 2 scrolls of enchant weapon
 d - a scroll of amnesia
 j - a scroll of torment
 o - 13 scrolls of teleportation
 r - 10 scrolls of vulnerability
 s - 9 scrolls of blinking
 A - 2 scrolls of fear
 B - 6 scrolls of revelation
 F - 5 scrolls of silence
 H - 7 scrolls of fog
 N - a scroll of enchant armour
 O - 5 scrolls of poison
 S - 3 scrolls of summoning
 X - 2 scrolls of immolation
Potions
 a - 8 potions of attraction
 f - 15 potions of curing
 h - 18 potions of ambrosia
 l - 11 potions of lignification
 u - 16 potions of enlightenment
 w - 9 potions of brilliance
 x - 10 potions of resistance
 z - 5 potions of cancellation
 C - 4 potions of magic
 G - a potion of berserk rage
 I - 8 potions of invisibility
 U - 4 potions of heal wounds
Miscellaneous
 m - a lightning rod (4/4)
 t - a phial of floods
 v - a box of beasts
 y - a condenser vane
 Z - a phantom mirror


   Skills:
 + Level 22.8 Fighting
 - Level 17.4 Dodging
 - Level 2.0 Stealth
 - Level 19.1 Unarmed Combat
 - Level 13.0 Spellcasting
 - Level 22.3 Hexes
 - Level 17.0 Translocations
 - Level 6.4 Transmutations
 - Level 5.0 Air Magic
 - Level 2.0 Earth Magic
 - Level 15.4 Invocations
 - Level 18.7 Evocations
 * Level 25.7 Shapeshifting


You had 4 spell levels left.
You knew the following spells:

 Your Spells              Type           Power      Damage    Failure   Level
a - Apportation           Tloc           100%       N/A       0%          1
b - Passwall              Tmut/Erth      24%        N/A       1%          2
c - Blink                 Tloc           100%       N/A       0%          2
d - Cause Fear            Hex            40%        N/A       0%          4
e - Yara's Violent Unrav  Hex/Tmut       31%        3d13      1%          5
f - Manifold Assault      Tloc           69%        N/A       1%          4
g - Enfeeble              Hex            40%        N/A       1%          7
h - Passage of Golubria   Tloc           69%        N/A       1%          4
i - Discord               Hex            40%        N/A       3%          8
j - Silence               Hex/Air        30%        N/A       1%          5
k - Sigil of Binding      Hex            80%        N/A       0%          3
l - Swiftness             Air            33%        N/A       1%          3

Your spell library contained the following spells:

 Spells                   Type           Power      Damage    Failure   Level
 Slow                     Hex            100%       N/A       0%          1
 Lesser Beckoning         Tloc           100%       N/A       0%          2
 Confusing Touch          Hex            80%        N/A       0%          3
 Gell's Gravitas          Tloc           69%        N/A       0%          3
 Teleport Other           Tloc           69%        N/A       0%          3
 Tukima's Dance           Hex            80%        N/A       0%          3
 Shock                    Conj/Air       92%        1d8       1%          1
 Ensorcelled Hibernation  Hex/Ice        100%       N/A       1%          2
 Wereblood                Tmut           38%        N/A       1%          2
 Dazzling Flash           Conj/Hex       100%       N/A       1%          3
 Inner Flame              Hex/Fire       72%        N/A       1%          3
 Summon Guardian Golem    Hex/Summ       55%        N/A       1%          3
 Volatile Blastmotes      Fire/Tloc      100%       2d18      1%          3
 Anguish                  Hex/Necr       27%        N/A       1%          4
 Fulminant Prism          Conj/Hex       27%        3d14      1%          4
 Iskenderun's Mystic Bla  Conj/Tloc      47%        2d10      1%          4
 Sandblast                Erth           42%        2d11      2%          1
 Cigotuvi's Dreadful Rot  Necr/Pois/Air  38%        N/A       3%          2
 Freeze                   Ice            52%        1d6       4%          1
 Kiss of Death            Conj/Necr      52%        2d9       4%          1
 Magic Dart               Conj           52%        1d5       4%          1
 Necrotise                Necr           52%        1d6       4%          1
 Summon Small Mammal      Summ           52%        N/A       4%          1
 Ignite Poison            Fire/Tmut/Pois 32%        N/A       6%          3
 Airstrike                Air            16%        2d(3-19)  6%          4
 Scorch                   Fire           38%        2d6       8%          2
 Searing Ray              Conj           26%        2d5       8%          2
 Stone Arrow              Conj/Erth      34%        3d9       10%         3
 Call Canine Familiar     Summ           13%        N/A       16%         3
 Ozocubu's Armour         Ice            13%        N/A       16%         3
 Vampiric Draining        Necr           13%        2d6       16%         3
 Summon Lightning Spire   Summ/Air       23%        N/A       19%         4
 Brom's Barrelling Bould  Conj/Erth      17%        2d4       32%         4
 Animate Dead             Necr           13%        N/A       45%         4
 Dispel Undead            Necr           13%        3d9       45%         4
 Flame Wave               Conj/Fire      19%        2d7       45%         4
 Olgreb's Toxic Radiance  Pois           13%        N/A       45%         4
 Sticky Flame             Conj/Fire      19%        2d4       45%         4
 Summon Ice Beast         Ice/Summ       13%        N/A       45%         4
 Metabolic Englaciation   Hex/Ice        27%        N/A       1%          5
 Dispersal                Tloc           34%        N/A       1%          6
 Disjunction              Tloc           34%        N/A       30%         8
 Irradiate                Conj/Tmut      12%        3d15      36%         5
 Lee's Rapid Deconstruct  Erth           10%        3d8*      52%         5
 Freezing Cloud           Conj/Ice/Air   9%         6-21      56%         5
 Borgnjor's Vile Clutch   Necr/Erth      8%         N/A       67%         5
 Agony                    Necr           13%        N/A       80%         5
 Fireball                 Conj/Fire      9%         3d6       80%         5
 Iskenderun's Battlesphe  Conj           13%        2d7       80%         5
 Conjure Ball Lightning   Conj/Air       11%        3x3d6     95%         6
 Bombard                  Conj/Erth      8%         9d2       99%         6
 Death Channel            Necr           6%         N/A       100%        6
 Simulacrum               Ice/Necr       6%         N/A       100%        6
 Starburst                Conj/Fire      9%         6d5       100%        6
 Summon Cactus Giant      Summ           6%         N/A       100%        6
 Haunt                    Necr/Summ      6%         N/A       100%        7
 Orb of Destruction       Conj           6%         9d6       100%        7
 Ozocubu's Refrigeration  Ice            6%         4d8       100%        7
 Spellforged Servitor     Conj/Summ      6%         N/A       100%        7
 Borgnjor's Revivificati  Necr           6%         N/A       100%        8
 Ignition                 Fire           9%         3d5       100%        8
 Infestation              Necr           6%         N/A       100%        8
 Lehudib's Crystal Spear  Conj/Erth      8%         10d4      100%        8
 Maxwell's Capacitive Co  Air            16%        ∞         100%        8
 Death's Door             Necr           6%         N/A       100%        9
 Polar Vortex             Ice            6%         N/A       100%        9
 Animate Armour           Summ/Erth      Unusable   N/A       N/A         4

Dungeon Overview and Level Annotations

Branches:
Dungeon (15/15)            Temple (1/1) D:5            Lair (5/5) D:8
  Swamp (4/4) Lair:2       Spider (4/4) Lair:3        Slime (5/5) Lair:5
    Orc (2/2) D:12            Elf (3/3) Orc:2        Vaults (5/5) D:13
  Crypt (3/3) Vaults:3       Tomb (0/3) Crypt:3      Depths (4/4) D:15
   Hell (visited)             Dis (0/7) Hell            Geh (0/7) Hell
    Coc (0/7) Hell            Tar (0/7) Hell            Zot (5/5) Depths:4
  Sewer (visited)           IceCv (visited)          WizLab (visited)
Gauntlet (visited)

Altars:
Ashenzari
Cheibriados
Dithmenos
Elyvilon
Fedhas
Gozag
Hepliaklqana
Kikubaaqudgha
Makhleb
Nemelex Xobeh
Okawaru
Qazlal
Ru
Sif Muna
Trog
Uskayaw
Vehumet
Wu Jian
Xom
Yredelemnul
Zin
The Shining One

Shops:
D:5 **(   D:8 [   D:14 [   Orc:2 :(*   Vaults:1 :[   Vaults:2 ?   Vaults:4 *
Depths:3 *

Portals:
Hell: Depths:1 Depths:2 Depths:3 Depths:4
Abyss: Depths:2 Depths:3
Pandemonium: Orc:2 Depths:2 Depths:3

Annotations:
Spider:1 1 runed translucent door, InterstingKuromi's ghost, journeyman DsHW
Spider:2 3 runed translucent doors, Doitsug's ghost, adept KoAr


Innate Abilities, Weirdness & Mutations

You are a lightning-filled tempest!
Your electrical attacks strike out in all directions at once.
You are incredibly evasive.
Your insubstantial body is immune to petrification, constriction, and being set on fire You are flying.
You are immune to poison.
((You have sharp claws.))
((You have razor-sharp teeth.))
You have supernaturally acute eyesight. (SInv)
((Your thick and shaggy fur keeps you warm. (AC +3, rC+)))
((Your paws help you pounce on unaware monsters.))
You are incapable of wielding weapons or throwing items.
You cannot wear armour.
You gain extra lives every three experience levels.
You possess an exceptional clarity of mind.
You are strong-willed. (Will+)
Your muscles are strong. (Str +4, Int/Dex -1)
Your health recovers twice as slowly from being drained.


Message History

An Executioner comes into view.
You hear a shout!
The Executioner is engulfed in blazing flames.
You see here a +0 short sword.
You block the Executioner's attack. The Executioner misses you.
The Executioner completely misses you.
There is a stone staircase leading up here.
You blast the Executioner!!!!
You kill the Executioner!
Qazlal accepts your kill.
No target in view!
You fly upwards.
There is a stone staircase leading down here.
A hellion comes into view.
The hellion moves out of view.
There is an escape hatch in the ceiling here.
A mysterious force pulls you upwards. The hatch slams shut behind you.
Casting: Enfeeble (mildly dangerous; 1% risk of failure)
Confirm with . or Enter, or press ? or * to list all spells.
Aiming: Passwall (safe; 1% risk of failure)
Press: ? - help, Dir - move target A rock wall.
This square is covered in magical glow.
You begin to meditate on the wall.
You continue meditating on the rock. x2
You finish merging with the rock.
There is an escape hatch in the ceiling here.
A mysterious force pulls you upwards. The hatch slams shut behind you.
A green death comes into view.
There is a stone staircase leading up here.
The green death gestures at you. The poison arrow misses you.
You fly upwards.
There is a stone staircase leading down here.
There is a stone staircase leading up here.
You fly upwards.
There is a stone staircase leading down here.
A red devil comes into view. It is wielding a +0 trident.
There is an open door here.
There is a staircase leading out of the dungeon here.
You have escaped!

###.### #.#####....
#.....#######.# #......
#.............# #...... ########
#......######.# #..##.#
#....>.###......# #.# #..##..
#.##.#..........# #.# #..####
#.#######...####### #.###..#
#.#.....#...'...°.# #......#
#.#.....#...'○○v..# ######.#
#.#.....##.##...○.# ##...#.#
#.###'####.###'#######......#
#......##...##..............####
##.....##...##.....###.........#
#########.######### ##...#.....
#.....##.##.....# #.......###
#..>..'...'.....# #.##.#.#...
#.....#...#.....####.##.#.#.⌠.


There were no monsters in sight!

Vanquished Creatures
  the Royal Jelly (Slime:5)
  2 dread liches
  8 orbs of fire
  6 ancient liches
  3 pandemonium lords (Pan)
  Xtahua (Depths:3)
  Parghit (Depths:4)
  3 Killer Klowns
  Saint Roka (Crypt:2)
  3 curse toes
  Margery (Crypt:1)
  5 caustic shrikes (Depths:3)
  10 golden dragons
  Geryon (Hell)
  2 bone dragons
  Norris (Vaults:2)
  4 Tzitzimimeh (Pan)
  A hellephant (Zot:4)
  A Hell Sentinel (Pan)
  3 electric golems
  Rupert (Lair:5)
  18 tentacled monstrosities
  3 Ice Fiends (Pan)
  A deep elf blademaster (Elf:2)
  A searing wretch (Crypt:1)
  A walking divine tome (Depths:3)
  26 Orb Guardians
  2 titans (Vaults:5)
  2 liches
  24 acid blobs
  5 quicksilver dragons
  Asterion (Depths:2)
  7 ancient champions
  5 sphinxes
  A deep elf master archer (Elf:3)
  5 Executioners
  8 death cobs
  Donald (Vaults:1)
  12 shadow dragons
  The ghost of Uwih the Metamorph, an adept DrSh of Nemelex Xobeh (Swamp:1)
  6 tengu reavers
  Kirke (Swamp:1)
  4 draconian monks
  3 storm dragons
  A thorn hunter (Swamp:4)
  A fenstrider witch (Swamp:4)
  16 rockslimes
  9 frost giants
  2 revenants
  2 draconian knights
  13 deep elf sorcerers
  11 azure jellies
  2 iron dragons
  12 fire giants
  18 vault wardens
  A protean progenitor (Zot:2)
  3 draconian shifters
  14 emperor scorpions
  8 ghost moths
  3 draconian scorchers
  7 balrugs
  2 curse skulls
  11 ghouls
  2 draconian stormcallers
  3 broodmothers
  3 draconian annihilators
  An angel (Pan)
  2 demonspawn corrupters (Pan)
  11 quicksilver oozes
  The ghost of dertzug the Brawler, a journeyman TrFi of the Shining One (Lair:4)
  2 caustic shrike skeletons
  7 very ugly things
  8 cacodemons
  11 ironbound preservers
  2 demonspawn blood saints
  2 orc warlords
  8 reapers
  A war gargoyle (Hell)
  9 formless jellyfish
  5 ironbound thunderhulks
  7 eleionomae
  The ghost of topfpfpflanze the Martial Artist, a journeyman OpSh of Gozag (Orc:2)
  18 stone giants
  8 deep elf death magi
  8 vampire knights
  6 deep elf demonologists (Elf:3)
  A demonspawn black sun (D:12)
  8 deep elf annihilators
  4 black draconians
  5 green draconians
  4 lorocyprocas
  10 yellow draconians
  2 iron golems (Hell)
  5 purple draconians
  2 red draconians
  12 spark wasps
  7 dire elephants
  A minotaur (Gauntlet)
  7 bunyips
  Azrael (D:15)
  12 white draconians
  4 eidola
  A kraken zombie (Hell)
  A green death (Pan)
  2 crystal guardians
  Snorg (D:13)
  4 blizzard demons
  2 mummy priests
  6 jiangshi
  3 deep elf high priests
  10 ettins
  6 fire dragons
  4 shambling mangroves
  A quicksilver dragon skeleton (Crypt:2)
  25 vault guards
  3 spriggan zombies
  4 entropy weavers
  6 ice dragons
  3 rakshasas
  18 great orbs of eyes
  An ogre mage (D:13)
  9 centaur warriors
  37 hydras
  3 peacekeepers
  2 sphinx zombies
  A jorogumo (Spider:4)
  12 yaktaur captains
  9 alligators
  11 ironbound frosthearts
  4 ghost crabs (Swamp:3)
  2 hell beasts
  3 spriggan air magi
  9 radroaches
  3 catoblepae
  3 demonspawn (Orc:2)
  36 dancing weapons
  A death knight (Crypt:1)
  6 deep troll shamans
  5 two-headed ogres
  17 boulder beetles
  7 death yaks (Lair:5)
  12 demonic crawlers
  5 tengu warriors
  A bennu skeleton (Crypt:1)
  5 deep troll earth magi
  7 orc high priests (Orc:2)
  A sphinx skeleton (Crypt:1)
  5 vampire magi
  3 spriggan berserkers
  Urug (Lair:3)
  15 hell knights
  12 soul eaters
  25 sun demons
  2 hell hogs (Hell)
  7 sun moths
  16 deep elf knights
  5 iron trolls
  6 sixfirhies
  6 skysharks
  2 shadow wraiths
  12 skeletal warriors
  5 pharaoh ants
  9 goliath frogs
  2 sea snakes (shapeshifter)
  2 flayed ghosts
  7 orb spiders
  7 spriggan druids
  3 anaconda zombies (Hell)
  A kraken simulacrum (Hell)
  A death drake (shapeshifter) (Depths:3)
  2 death drakes
  3 shadow demons (Pan)
  48 deep trolls
  17 ironbound convokers
  3 tengu zombies
  18 deep elf archers
  12 bog bodies
  19 swamp dragons
  A glowing orange brain (Depths:3)
  An obsidian statue (Depths:1)
  A shadow dragon zombie (Crypt:3)
  12 arcanists
  8 necromancers
  3 lindwurms
  15 orc knights
  11 phantasmal warriors
  27 deep elf zephyrmancers
  An orange crystal statue (IceCv)
  4 steelbarb worms
  A shadow dragon skeleton (Crypt:3)
  64 ugly things
  33 deep elf pyromancers
  11 wolf spiders
  9 manticores
  2 stone giant zombies (WizLab)
  7 orc sorcerers
  10 cyclopes
  An iron dragon zombie (WizLab)
  An alligator skeleton (Hell)
  8 shining eyes
  3 fire giant zombies
  14 large abominations
  5 will-o-the-wisps
  A frost giant zombie (Depths:1)
  A demonspawn zombie (WizLab)
  24 moths of wrath
  Maurice (D:9)
  An ice statue (Gauntlet)
  A guardian serpent (shapeshifter) (D:15)
  15 elephants
  A stone giant skeleton (Depths:1)
  3 black mambas
  A kobold blastminer (Orc:2)
  4 torpor snails
  5 rust devils (Hell)
  18 vault sentinels
  6 eyes of devastation
  A fire giant skeleton (Depths:3)
  A cane toad (shapeshifter) (D:15)
  9 smoke demons
  2 gargoyles
  8 orange demons
  An unseen horror (shapeshifter) (D:14)
  2 unseen horrors
  8 cane toads
  3 kobold demonologists (D:14)
  10 hellions
  4 centaur skeletons (D:13)
  2 efreet
  A sea snake zombie (Hell)
  11 freezing wraiths
  7 komodo dragons
  An alligator snapping turtle skeleton (Crypt:3)
  A yaktaur zombie (WizLab)
  8 ice devils
  27 rime drakes
  Jeremiah (D:6)
  10 tormentors
  18 yaktaurs
  11 guardian mummies
  5 tengu conjurers
  4 red devils
  3 trolls
  8 meliai
  A queen bee (Spider:4)
  18 hornets
  20 polar bears
  A queen bee (shapeshifter) (Vaults:5)
  A bloated husk (Swamp:4)
  An alligator simulacrum (Hell)
  7 hellwings
  A hydra zombie (Hell)
  29 tarantellas
  7 glass eyes
  7 tyrant leeches
  Prince Ribbit (D:5)
  5 blink frogs (Lair:1)
  2 ettin zombies (WizLab)
  19 dream sheep
  A human simulacrum (Vaults:2)
  Sigmund (D:2)
  6 shadows
  6 air elementals
  22 jumping spiders
  106 slime creatures
  A slime creature (shapeshifter) (Vaults:5)
  47 yaks
  A water elemental (Hell)
  22 culicivoras
  A centaur simulacrum (D:15)
  An ice dragon skeleton (Crypt:3)
  10 spriggans
  6 wraiths
  5 wyverns
  A fire dragon skeleton (Crypt:3)
  A culicivora (shapeshifter) (D:12)
  11 ynoxinuls
  A vampire (Crypt:3)
  2 hogs (Swamp:1)
  2 steam dragons
  A warg (Orc:2)
  A human (Swamp:1)
  A golden eye (Slime:5)
  5 fire elementals
  4 neqoxecs
  11 vampire mosquitoes
  5 basilisks
  An alligator snapping turtle simulacrum (Crypt:3)
  57 redbacks
  A death yak simulacrum (Lair:4)
  9 chaos spawn
  A swamp worm (shapeshifter) (Vaults:5)
  21 swamp worms
  A water nymph zombie (Crypt:1)
  A glowing shapeshifter zombie (Vaults:2)
  17 water moccasins
  A naga skeleton (Hell)
  A hydra simulacrum (Hell)
  A hell hound (D:14)
  An acid dragon (shapeshifter) (D:15)
  7 ice beasts
  13 swamp drakes
  4 black bears
  28 orc warriors
  7 boggarts
  8 ogres
  11 wolves
  A human zombie (Vaults:2)
  8 small abominations (Depths:3)
  6 centaurs
  8 kobold brigands
  2 phantoms
  16 bullfrogs
  3 necrophages (Crypt:1)
  2 gnoll sergeants
  A wyvern zombie (Crypt:3)
  3 earth elementals
  A cane toad simulacrum (Lair:4)
  A human skeleton (Vaults:2)
  A scorpion (D:7)
  9 wights
  A lindwurm simulacrum (Lair:4)
  A cyclops skeleton (Crypt:1)
  A blink frog simulacrum (Lair:4)
  24 killer bees
  3 howler monkeys
  A rime drake simulacrum (Lair:4)
  A komodo dragon simulacrum (Lair:4)
  A basilisk zombie (Crypt:2)
  2 hounds
  3 jellies (Lair:5)
  35 orc priests
  2 gnoll boudas
  Crazy Yiuf (D:3)
  A bullfrog skeleton (Crypt:1)
  10 iguanas
  24 orc wizards
  A crocodile skeleton (Crypt:1)
  Robin (D:4)
  19 gnolls
  8 adders
  A shadow imp (Pan)
  A white imp (D:6)
  An adder skeleton (Crypt:2)
  A worm (D:2)
  A dart slug (D:4)
  60 orcs
  11 ball pythons
  4 bats
  A bat skeleton (Crypt:1)
  11 endoplasms
  5 giant cockroaches
  14 hobgoblins
  13 jackals
  6 quokkas
  6 frilled lizards
  10 goblins
  A goblin zombie (Crypt:2)
  A jackal zombie (Crypt:3)
  33 kobolds
  A quokka skeleton (Crypt:3)
  9 rats
  A butterfly (Lair:2)
  2 tentacles (Hell)
2623 creatures vanquished.

Vanquished Creatures (collateral kills)
  A tentacled monstrosity (Zot:1)
  An Orb Guardian (Zot:5)
  A deep elf master archer (Elf:2)
  2 ancient champions (Crypt:3)
  2 death cobs
  A shadow dragon (Zot:1)
  2 azure jellies
  3 draconian monks
  3 revenants
  5 draconian shifters
  A draconian scorcher (Zot:5)
  A curse skull (Crypt:3)
  4 ghouls
  2 draconian annihilators
  3 draconian stormcallers
  A shard shrike simulacrum (Crypt:3)
  A demonspawn corrupter (Pan)
  A formless jellyfish (Slime:4)
  2 ironbound preservers (D:13)
  6 green draconians
  A demonspawn black sun (Pan)
  2 yellow draconians (Zot:1)
  5 red draconians
  A deep elf death mage (Crypt:2)
  4 purple draconians
  A white draconian (Zot:1)
  4 black draconians
  Josephine (D:10)
  3 jiangshi (Crypt:2)
  2 eidola (Crypt:2)
  Erolcha (D:10)
  A spriggan zombie (Crypt:3)
  A death knight (D:12)
  A fenstrider witch skeleton (Crypt:1)
  3 vampire magi
  5 hell hogs (Hell)
  4 hell knights (Hell)
  4 sun demons (Pan)
  A soul eater (Pan)
  14 skeletal warriors
  An iron troll (Hell)
  A skyshark (Vaults:2)
  A deep troll (D:13)
  2 flayed ghosts (Crypt:3)
  A shadow dragon zombie (Hell)
  3 bog bodies
  3 steelbarb worms (Spider:4)
  2 necromancers
  A golden dragon skeleton (Crypt:3)
  An orc knight (Crypt:2)
  2 wolf spiders (Spider:4)
  An orc sorcerer (Crypt:2)
  2 moths of wrath (Zot:2)
  A large abomination (Pan)
  An iron dragon skeleton (Crypt:1)
  A rust devil (Hell)
  An eye of devastation (Slime:4)
  A smoke demon (Pan)
  A naga skeleton (Hell)
  3 freezing wraiths
  A swamp worm zombie (Crypt:1)
  An unseen horror (D:12)
  A guardian mummy (Crypt:3)
  A hellwing (Pan)
  A guardian serpent zombie (Crypt:2)
  A jumping spider (Spider:4)
  4 wraiths
  27 slime creatures
  A culicivora (Spider:4)
  A centaur simulacrum (Hell)
  A warg (Orc:1)
  3 redbacks (Spider:4)
  A neqoxec (Pan)
  A chaos spawn (Pan)
  A swamp worm (Swamp:2)
  3 orc warriors (Orc:1)
  4 centaurs (D:12)
  A torpor snail zombie (Crypt:2)
  A necrophage (Crypt:1)
  An orc priest (Crypt:2)
  An orc wizard (Orc:1)
  4 orcs (Orc:1)
  A jackal skeleton (Crypt:3)
194 creatures vanquished.

Vanquished Creatures (others)
  2 draconian scorchers (Zot:5)
  A deep elf elementalist (Elf:3)
  A demonspawn corrupter (Pan)
  A black draconian (Zot:3)
  A white draconian (Zot:1)
  2 yellow draconians (Zot:2)
  A red draconian (Zot:2)
  A jiangshi (Crypt:3)
  A deep elf high priest (Elf:3)
  A hydra (Swamp:4)
  A hell hog (Hell)
  A vampire mage (Crypt:2)
  A hell knight (Crypt:2)
  A deep elf knight (Elf:2)
  A sun demon (Pan)
  An iron troll (Hell)
  A death drake (Zot:1)
  A shadow demon (Pan)
  A phantasmal warrior (Depths:1)
  A necromancer (Crypt:2)
  An ugly thing (IceCv)
  A wolf spider (Spider:4)
  A cyclops (D:15)
  A moth of wrath (Zot:4)
  A molten gargoyle (Hell)
  An orange demon (Pan)
  An ice devil (Hell)
  A bloated husk (Swamp:3)
  A polar bear (IceCv)
  2 slime creatures (Slime:4)
  6 dancing weapons
  A ynoxinul (Pan)
  A water elemental (Elf:3)
  A wraith (Crypt:3)
  A necrophage (Crypt:2)
  A shadow imp (D:5)
  A kobold (D:8)
  18 foxfires
  10 tentacles (Hell)
73 creatures vanquished.

Grand Total: 2890 creatures vanquished

Notes
Turn   | Place    | Note
-------+----------+-------------------------------------------
     0 | D:1      | farilari the Felid Shapeshifter began the quest for the
                  | Orb.
     0 | D:1      | Reached XP level 1. HP: 10/10 MP: 2/2
    73 | D:1      | You fall into a shaft and drop 1 floor!
   127 | D:2      | Reached XP level 2. HP: 14/14 MP: 3/3
   334 | D:2      | Reached skill level 1 in Stealth
   413 | D:1      | Reached skill level 3 in Shapeshifting
   460 | D:1      | Reached XP level 3. HP: 18/18 MP: 4/4
  1249 | D:2      | Noticed Sigmund
  1405 | D:2      | Reached XP level 4. HP: 18/23 MP: 5/5
  1726 | D:3      | Found a faded altar of an unknown god.
  1729 | D:3      | Prayed at the altar of an unknown god.
  1729 | D:3      | Became a worshipper of Qazlal Stormbringer
  1729 | D:3      | Reached * piety under Qazlal
  1875 | D:3      | Found a runed translucent door.
  1876 | D:3      | Noticed Crazy Yiuf
  2304 | D:4      | Noticed an ogre
  2329 | D:4      | Killed an ogre
  2330 | D:4      | Reached XP level 5. HP: 9/26 MP: 6/6
  2618 | D:4      | Noticed Robin
  2850 | D:4      | Found an iron altar of Okawaru.
  2911 | D:4      | Killed Robin
  2913 | D:4      | Reached ** piety under Qazlal
  2914 | D:4      | Reached skill level 1 in Invocations
  3133 | D:4      | Reached skill level 4 in Shapeshifting
  3133 | D:4      | Gained mutation: You are covered in thick fur. (AC +2)
                  | [Felid growth]
  3133 | D:4      | Reached XP level 6. HP: 30/32 MP: 7/7
  3432 | D:5      | Entered Level 5 of the Dungeon
  3468 | D:5      | Found Sonteutsu's Weapon Shoppe.
  3468 | D:5      | Found Wamuj's General Store.
  3469 | D:5      | Found Herphap's General Store.
  3477 | D:5      | Bought a potion of degeneration for 13 gold pieces
  3477 | D:5      | Bought a potion of heal wounds for 65 gold pieces
  3517 | D:5      | Bought a scroll of identify for 26 gold pieces
  3583 | D:5      | Noticed Prince Ribbit
  3591 | D:5      | Slain by Prince Ribbit
  3907 | D:5      | Found a staircase to the Ecumenical Temple.
  3913 | Temple   | Entered the Ecumenical Temple
  4775 | D:6      | Found a glowing drain.
  4811 | Sewer    | Entered a sewer
  4905 | Sewer    | Reached skill level 1 in Evocations
  4962 | Sewer    | Reached XP level 7. HP: 31/36 MP: 9/9
  5206 | D:6      | Reached skill level 5 in Dodging
  5271 | D:6      | Noticed Jeremiah
  5693 | D:6      | Found a hazy altar of Hepliaklqana.
  5718 | D:6      | Reached skill level 5 in Shapeshifting
  5930 | D:6      | Found an ornate altar of the Wu Jian Council.
  6018 | D:6      | Reached XP level 8. HP: 26/42 MP: 9/11
  6430 | D:6      | Killed Jeremiah
  6589 | D:6      | Reached skill level 5 in Unarmed Combat
  6590 | D:6      | Reached *** piety under Qazlal
  6779 | D:7      | Learned a level 3 spell: Tukima's Dance
  7331 | D:7      | Found a bloodstained altar of Trog.
  7378 | D:7      | HP: 1/42 [ice beast (12)]
  7558 | D:7      | Reached skill level 6 in Shapeshifting
  7572 | D:7      | Reached XP level 9. HP: 22/46 MP: 12/12
  8127 | D:6      | HP: 2/46 [orc warrior/+0 dire flail (20)]
  8533 | D:7      | Found a basalt altar of Yredelemnul.
  8534 | D:7      | Found a hide-covered altar of Uskayaw.
  8536 | D:7      | Found a stormy altar of Qazlal.
  8536 | D:7      | Found a glowing golden altar of the Shining One.
  9236 | D:8      | Noticed a polar bear
  9826 | D:7      | Reached skill level 7 in Shapeshifting
 10046 | D:7      | Reached skill level 1 in Hexes
 10352 | D:8      | Reached skill level 5 in Fighting
 10355 | D:8      | Reached skill level 1 in Spellcasting
 10368 | D:8      | Noticed a rime drake
 10379 | D:8      | Killed a rime drake
 10390 | D:8      | Reached **** piety under Qazlal
 10440 | D:8      | Reached XP level 10. HP: 34/51 MP: 14/14
 10612 | D:8      | Found a staircase to the Lair.
 10646 | D:8      | Found Yzxoeb's Armour Boutique.
 11345 | D:2      | Killed Sigmund
 11555 | D:3      | Killed Crazy Yiuf
 11798 | D:5      | Killed Prince Ribbit
 12132 | D:8      | Reached skill level 5 in Hexes
 12531 | D:9      | Noticed Maurice
 12537 | D:9      | Killed Maurice
 12538 | D:9      | Reached skill level 5 in Evocations
 12595 | D:9      | Noticed a two-headed ogre
 12636 | D:9      | Killed a two-headed ogre
 12641 | D:9      | Reached skill level 5 in Invocations
 12715 | D:9      | Reached skill level 8 in Shapeshifting
 13193 | D:9      | Found a blossoming altar of Fedhas.
 13296 | D:9      | Learned a level 2 spell: Passwall
 13397 | D:10     | Entered Level 10 of the Dungeon
 13492 | D:10     | Noticed Erolcha
 13502 | D:10     | Killed Erolcha
 13563 | D:9      | Reached skill level 1 in Transmutations
 13566 | D:9      | Reached XP level 11. HP: 45/56 MP: 16/16
 13807 | D:10     | Reached skill level 1 in Earth Magic
 14097 | D:11     | Noticed a boulder beetle
 14120 | D:11     | Killed a boulder beetle
 14150 | D:11     | Noticed a two-headed ogre
 14171 | D:11     | Killed a two-headed ogre
 14378 | D:11     | Learned a level 5 spell: Yara's Violent Unravelling
 14397 | D:11     | Reached ***** piety under Qazlal
 14758 | D:10     | Noticed Josephine
 14766 | D:10     | Killed Josephine
 14863 | D:10     | Found a broken altar of Ashenzari.
 15439 | D:12     | Found a gate leading to a gauntlet.
 15446 | D:12     | Found a staircase to the Orcish Mines.
 15446 | D:12     | Noticed a deep elf pyromancer
 15455 | D:12     | Killed a deep elf pyromancer
 15470 | Gauntlet | Entered a Gauntlet
 15470 | Gauntlet | Found a runed translucent door.
 15470 | Gauntlet | Found a transporter.
 15470 | Gauntlet | Found a runed translucent door.
 15470 | Gauntlet | Found a transporter.
 15472 | Gauntlet | Found a transporter.
 15472 | Gauntlet | Found a transporter.
 15472 | Gauntlet | Noticed a fire crab
 15476 | Gauntlet | Found a transporter.
 15476 | Gauntlet | Found a transporter.
 15513 | Gauntlet | Found a transporter.
 15514 | Gauntlet | Found a transporter.
 15525 | Gauntlet | Found a transporter.
 15539 | Gauntlet | Noticed a thrashing horror
 15541 | Gauntlet | Found a transporter.
 15545 | Gauntlet | Found a transporter.
 15566 | Gauntlet | Found a transporter.
 15572 | Gauntlet | Found a runed translucent door.
 15572 | Gauntlet | Found a runed translucent door.
 15655 | Gauntlet | Gained mutation: Your thick and shaggy fur keeps you warm.
                  | (AC +3, rC+) [Felid growth]
 15655 | Gauntlet | Reached XP level 12. HP: 32/62 MP: 19/19
 15781 | Gauntlet | Paralysed by a hornet for 1 turns
 15905 | Gauntlet | Identified the +7 halberd of the Tortured God {heavy, *Slow
                  | Will+ Int+4}
 15905 | Gauntlet | Noticed a minotaur
 15929 | Gauntlet | Killed a minotaur
 15949 | Gauntlet | Learned a level 4 spell: Cause Fear
 16181 | D:12     | Identified the maw talisman "Ynuzyd" {Dex+2}
 16410 | D:12     | Noticed a boulder beetle
 16427 | D:12     | Killed a boulder beetle
 16613 | D:12     | Noticed a boulder beetle
 16625 | D:12     | Reached skill level 10 in Hexes
 16655 | D:12     | Killed a boulder beetle
 16687 | D:12     | Noticed a centaur warrior
 16698 | D:12     | Killed a centaur warrior
 16721 | D:12     | Reached skill level 10 in Dodging
 16776 | D:12     | Noticed a boulder beetle
 16788 | D:12     | Noticed a boulder beetle
 16825 | D:12     | Killed a boulder beetle
 16831 | D:12     | Killed a boulder beetle
 16832 | D:12     | Reached skill level 9 in Shapeshifting
 16838 | D:12     | Reached skill level 5 in Spellcasting
 16890 | D:12     | Noticed a boulder beetle
 16907 | D:12     | Noticed a death knight
 16909 | D:12     | Killed a boulder beetle
 17218 | D:12     | Killed a death knight
 17288 | D:12     | Noticed a tengu warrior
 17316 | D:12     | Killed a tengu warrior
 17317 | D:12     | Reached skill level 5 in Transmutations
 17526 | D:12     | Noticed a boulder beetle
 17594 | D:12     | Noticed a centaur warrior
 17640 | D:12     | Killed a centaur warrior
 17641 | D:12     | Reached XP level 13. HP: 18/68 MP: 21/21
 19095 | Orc:1    | Entered Level 1 of the Orcish Mines
 19096 | Orc:1    | Noticed an orc warlord
 19100 | Orc:1    | Killed an orc warlord
 19648 | Orc:2    | Entered Level 2 of the Orcish Mines
 19648 | Orc:2    | Found Doener's Vocational Training.
 20463 | Orc:2    | Found a staircase to the Elven Halls.
 20967 | Orc:2    | Found a runed translucent door.
 20967 | Orc:2    | Noticed topfpfpflanze's ghost (journeyman OpSh)
 21485 | Orc:2    | Found Lutweth's General Store.
 21487 | Orc:2    | Found Fakajaoh's Magic Scroll Boutique.
 21568 | Orc:2    | Bought a scroll of revelation for 105 gold pieces
 21568 | Orc:2    | Bought a potion of heal wounds for 70 gold pieces
 21570 | Orc:2    | Bought a scroll of silence for 142 gold pieces
 21570 | Orc:2    | Bought a scroll of amnesia for 60 gold pieces
 21570 | Orc:2    | Bought a scroll of identify for 30 gold pieces
 21571 | Orc:2    | Bought a scroll of fear for 60 gold pieces
 22303 | Orc:2    | Paralysed by an orc sorcerer for 4 turns
 23760 | Orc:2    | Reached XP level 14. HP: 32/74 MP: 24/24
 23895 | Orc:2    | Found Vekeischo's Book Shoppe.
 23895 | Orc:2    | Found a one-way gate leading to the halls of Pandemonium.
 23895 | Orc:2    | Found Otymm's Antique Weapon Emporium.
 23907 | Orc:2    | Learned a level 5 spell: Silence
 23978 | Orc:2    | Killed topfpfpflanze's ghost
 23981 | Orc:2    | Identified the ring of Xiunuesch {rF++ rCorr Str-3 SInv}
 24220 | Orc:2    | Bought a manual of Invocations for 880 gold pieces
 24360 | Lair:1   | Entered Level 1 of the Lair of Beasts
 24824 | Lair:1   | Found a blossoming altar of Fedhas.
 25737 | Lair:2   | Reached skill level 1 in Air Magic
 26135 | Lair:2   | Identified the staff of Karma {rPois Air Poison}
 26663 | Lair:2   | Found a staircase to the Swamp.
 27167 | Lair:2   | Learned a level 4 spell: Passage of Golubria
 27324 | Lair:3   | Reached skill level 1 in Translocations
 27648 | Lair:3   | Found a hole to the Spider Nest.
 27683 | Lair:3   | Noticed Urug
 27699 | Lair:3   | Killed Urug
 29459 | Lair:4   | Found a runed translucent gate.
 29459 | Lair:4   | Found a runed translucent gate.
 29459 | Lair:4   | Found a runed translucent gate.
 30221 | Lair:4   | Identified a scroll of acquirement
 30322 | Lair:4   | You fall into a shaft and drop 1 floor!
 30322 | Lair:5   | Entered Level 5 of the Lair of Beasts
 30541 | Lair:5   | Reached skill level 10 in Shapeshifting
 30579 | Lair:5   | Reached ****** piety under Qazlal
 30868 | Lair:5   | Reached XP level 15. HP: 68/79 MP: 26/26
 31264 | Lair:5   | HP: 3/79 [death yak (14)]
 31268 | Lair:5   | Reached skill level 15 in Hexes
 31653 | Lair:5   | Found a staircase to the Slime Pits.
 31847 | Lair:5   | Noticed Rupert
 32007 | Lair:4   | Reached skill level 10 in Invocations
 32101 | Lair:4   | Noticed dertzug's ghost (journeyman TrFi)
 32868 | D:13     | Found a hide-covered altar of Uskayaw.
 33064 | D:13     | Reached skill level 5 in Translocations
 33601 | D:13     | Noticed Snorg
 33614 | D:13     | Killed Snorg
 33877 | D:13     | Identified the ring "Lustuz" {rC++ MP+9 Int+6 Stlth+}
 34022 | D:12     | HP: 2/80 [skeletal warrior/+0 glaive (14)]
 34024 | D:12     | Reached skill level 10 in Unarmed Combat
 34710 | D:13     | Found a gate to the Vaults.
 35220 | D:14     | Acquired the ring of the Coward {rC+ Will+ Slay+2}
 35306 | D:14     | Found a sparkling altar of Nemelex Xobeh.
 35809 | D:14     | Found Ziohem's Armour Shop.
 36359 | D:15     | Entered Level 15 of the Dungeon
 36411 | D:15     | Noticed Azrael
 36423 | D:15     | Reached skill level 11 in Shapeshifting
 36429 | D:15     | Killed Azrael
 36430 | D:15     | Reached skill level 10 in Fighting
 36637 | D:15     | Noticed a fire giant
 36650 | D:15     | Killed a fire giant
 36962 | D:15     | Reached XP level 16. HP: 37/85 MP: 16/28
 37710 | D:15     | Found a broken altar of Ashenzari.
 37710 | D:15     | Found an ancient bone altar of Kikubaaqudgha.
 38010 | D:15     | Found a staircase to the Depths.
 38094 | D:15     | Found a hide-covered altar of Uskayaw.
 39412 | D:15     | HP: 1/86 [phantasmal warrior (19)]
 40399 | D:15     | Identified the ring "Xecac" {Fire rN+ Will+ Str+3 Int+3}
 40971 | D:15     | Learned a level 2 spell: Blink
 41015 | D:15     | Reached skill level 12 in Shapeshifting
 41722 | Orc:2    | Bought a manual of Evocations for 880 gold pieces
 41756 | Elf:1    | Entered Level 1 of the Elven Halls
 41762 | Elf:1    | Paralysed by an air elemental for 1 turns
 41770 | Elf:1    | Paralysed by an air elemental for 1 turns
 41774 | Orc:2    | Paralysed by an air elemental for 1 turns
 41887 | Elf:1    | Paralysed by an air elemental for 1 turns
 43140 | Elf:1    | Reached XP level 17. HP: 82/91 MP: 10/30
 43476 | Elf:1    | HP: 1/91 [+1 dire flail of protection (16)]
 43479 | Orc:2    | Demolished by a +1 dire flail of protection
 45509 | Elf:2    | Found a frozen archway.
 45556 | IceCv    | Entered an ice cave
 46300 | IceCv    | Reached skill level 13 in Shapeshifting
 46710 | IceCv    | Learned a level 7 spell: Enfeeble
 47385 | Elf:2    | Found a runed translucent gate.
 47385 | Elf:2    | Found a runed translucent gate.
 47385 | Elf:2    | Found a runed translucent gate.
 47862 | Elf:3    | Entered Level 3 of the Elven Halls
 48391 | Elf:2    | Reached XP level 18. HP: 34/98 MP: 5/32
 48392 | Elf:2    | Killed from afar by a deep elf knight
 48565 | Elf:3    | Paralysed by an air elemental for 1 turns
 48570 | Elf:3    | Paralysed by an air elemental for 1 turns
 50179 | Spider:1 | Entered Level 1 of the Spider Nest
 51546 | Spider:1 | Found a runed translucent door.
 51546 | Spider:1 | Found a shimmering altar of Xom.
 51546 | Spider:1 | Noticed InterstingKuromi's ghost (journeyman DsHW)
 51660 | Spider:1 | Learned a level 3 spell: Sigil of Binding
 52948 | Spider:1 | Reached skill level 14 in Shapeshifting
 54466 | Spider:2 | Reached skill level 10 in Evocations
 54926 | Spider:2 | Found a runed translucent gate.
 54926 | Spider:2 | Noticed Doitsug's ghost (adept KoAr)
 54927 | Spider:2 | Found a runed translucent gate.
 54928 | Spider:2 | Found a runed translucent gate.
 56117 | Spider:2 | HP: 4/99 [poisoned by an emperor scorpion]
 57692 | Spider:4 | Entered Level 4 of the Spider Nest
 57706 | Spider:3 | Succumbed to a redback's poison
 57771 | Spider:4 | Reached XP level 19. HP: 43/104 MP: 3/33
 58725 | Spider:3 | Slain by a ghost moth
 60368 | Spider:4 | Reached skill level 15 in Shapeshifting
 61750 | Spider:4 | Got a gossamer rune of Zot
 61762 | Spider:4 | Identified the +1 pair of boots of Avu Lank {Stlth+}
 62226 | Vaults:1 | Entered Level 1 of the Vaults
 63409 | Vaults:1 | Got the Incunable of Attacks and Portals
 63989 | Vaults:1 | Identified the +9 falchion of Dynkeabeh {heavy, Fly rC+
                  | Will+ Dex+3}
 64273 | Vaults:1 | Noticed Donald
 64344 | Vaults:1 | Killed Donald
 64665 | Vaults:1 | Paralysed by a formless jellyfish for 1 turns
 65158 | Vaults:1 | Found Keocseul's Armour Boutique.
 65256 | Vaults:1 | Found Xefei's Book Emporium.
 65263 | Vaults:1 | Bought a manual of Unarmed Combat for 1280 gold pieces
 66400 | Vaults:2 | Noticed Norris
 66406 | Vaults:2 | Killed Norris
 66778 | Vaults:1 | Reached skill level 16 in Shapeshifting
 66926 | Vaults:2 | Reached XP level 20. HP: 107/111 MP: 20/34
 67148 | Vaults:2 | Found Qinwum's Magic Scroll Boutique.
 67758 | Vaults:2 | Reached skill level 15 in Unarmed Combat
 68192 | Vaults:3 | Acquired 1235 gold pieces
 68333 | Vaults:3 | Reached skill level 10 in Spellcasting
 68361 | Vaults:3 | Found a magical portal.
 68407 | WizLab   | Entered Doroklohe's Tomb
 68552 | WizLab   | Noticed an ancient lich
 68572 | WizLab   | Killed an ancient lich
 68573 | WizLab   | Reached skill level 15 in Evocations
 68892 | Vaults:3 | You fall into a shaft and drop 1 floor!
 69191 | Vaults:3 | Found a staircase to the Crypt.
 69191 | Vaults:3 | Found an ancient bone altar of Kikubaaqudgha.
 69192 | Vaults:3 | Found a basalt altar of Yredelemnul.
 69718 | Vaults:3 | Identified the +7 war axe of Ibets {flame, ^Contam Str+4}
 70592 | Vaults:4 | Found Xociocun's Assorted Antiques.
 71059 | Vaults:4 | Reached XP level 21. HP: 116/116 MP: 34/36
 71174 | Vaults:4 | Reached skill level 15 in Fighting
 71881 | Orc:2    | Bought a scroll of teleportation for 45 gold pieces
 71881 | Orc:2    | Bought a scroll of teleportation for 45 gold pieces
 71881 | Orc:2    | Bought a scroll of teleportation for 45 gold pieces
 71881 | Orc:2    | Bought a scroll of teleportation for 45 gold pieces
 71881 | Orc:2    | Bought a scroll of immolation for 60 gold pieces
 72030 | Elf:2    | Reached skill level 17 in Shapeshifting
 72217 | Elf:2    | HP: 8/175 [+2 scimitar of electrocution (12)]
 72233 | Elf:2    | HP: 7/175 [+4 halberd of venom (16)]
 72234 | Elf:2    | HP: 2/175 [poisoned by a +4 halberd of venom]
 72235 | Elf:2    | Succumbed to a +4 halberd of venom's poison
 73059 | Elf:3    | Identified the +2 leather armour of Uheboi {rElec}
 73077 | Elf:3    | Identified the amulet of Xom, Rescuing {Reflect rElec
                  | Regen+ Int-4 Dex+6 SH+5}
 73487 | Elf:3    | Identified the staff "Luqaryeq" {Fly rF+ rN+ Necro}
 74172 | Depths:1 | Entered Level 1 of the Depths
 74711 | Depths:1 | Found a one-way gateway to a ziggurat.
 74872 | Depths:1 | Found a gateway to Hell.
 75018 | Depths:1 | Found a transporter.
 75625 | Orc:2    | Bought a book of Cantrips for 168 gold pieces
 75627 | Orc:2    | Learned a level 1 spell: Apportation
 75632 | Orc:2    | Learned a level 4 spell: Manifold Assault
 76607 | Depths:2 | Noticed Asterion
 76615 | Depths:2 | Killed Asterion
 76902 | Depths:2 | Found a one-way gate to the infinite horrors of the Abyss.
 77076 | Depths:3 | Reached XP level 22. HP: 100/123 MP: 24/38
 77162 | Depths:3 | Identified the ring of Dogma {Str+6 SInv}
 77397 | Depths:3 | Found a glowing silver altar of Zin.
 77532 | Depths:3 | You fall into a shaft and drop 1 floor!
 77532 | Depths:4 | Entered Level 4 of the Depths
 77540 | Depths:4 | Noticed a caustic shrike
 77541 | Depths:4 | Noticed a caustic shrike
 77649 | Depths:3 | Found Wuuhiar's Hallowed Reliquary.
 77653 | Depths:3 | Bought a potion of heal wounds for 55 gold pieces
 77786 | Depths:3 | Noticed a golden dragon
 77793 | Depths:3 | Killed a golden dragon
 77794 | Depths:3 | Reached skill level 15 in Dodging
 77948 | Depths:3 | Noticed a caustic shrike
 77949 | Depths:3 | Noticed a golden dragon
 77953 | Depths:3 | Killed a caustic shrike
 77955 | Depths:3 | Killed a golden dragon
 77957 | Depths:3 | Noticed a golden dragon
 77964 | Depths:3 | Killed a golden dragon
 78412 | Depths:4 | Noticed Xtahua
 78436 | Depths:3 | Killed Xtahua
 78460 | Depths:4 | Noticed a caustic shrike
 78468 | Depths:3 | Killed a caustic shrike
 78470 | Depths:4 | Noticed a caustic shrike
 78474 | Depths:3 | Killed a caustic shrike
 78509 | Depths:4 | Reached skill level 10 in Translocations
 78629 | Depths:3 | Killed a caustic shrike
 78735 | Depths:3 | Killed a caustic shrike
 78736 | Depths:3 | Reached skill level 18 in Shapeshifting
 78762 | Depths:4 | Noticed a golden dragon
 78806 | Depths:3 | Killed a golden dragon
 78833 | Depths:4 | Found a gate to the Realm of Zot.
 79105 | Depths:4 | Noticed Parghit
 79118 | Depths:4 | Killed Parghit
 79748 | Vaults:5 | Entered Level 5 of the Vaults
 80116 | Vaults:5 | Noticed a golden dragon
 80116 | Vaults:5 | Slain by a titan
 80134 | Vaults:5 | Reached XP level 23. HP: 128/128 MP: 39/39
 80401 | Vaults:5 | Got a silver rune of Zot
 80406 | Vaults:5 | Identified the +5 mace of Hell's Wrath {drain, rElec rN+
                  | Will-}
 80406 | Vaults:5 | Identified the amulet of the Endless Expanse {Reflect Harm
                  | Str+6 SH+5}
 80408 | Vaults:5 | Identified the amulet "Tayquv" {Faith -Tele Will++ Int+3}
 80996 | Vaults:5 | Identified the +1 hand axe "Gasan" {vamp, Dex+3 Stlth+}
 80999 | Vaults:5 | Identified the +3 broad axe of Satroes {protect, Will-
                  | Int+5 Dex+3}
 81171 | Vaults:5 | Noticed a dread lich
 81183 | Vaults:5 | Killed a dread lich
 81266 | Vaults:5 | Identified the +0 buckler "Nucaul" {rElec Will+ Int+5}
 81279 | Vaults:5 | Learned a level 8 spell: Discord
 81848 | Vaults:4 | Bought a potion of curing for 147 gold pieces
 81848 | Vaults:4 | Bought a potion of heal wounds for 245 gold pieces
 81848 | Vaults:4 | Bought a scroll of fog for 196 gold pieces
 81938 | Vaults:2 | Bought a scroll of revelation for 112 gold pieces
 81938 | Vaults:2 | Bought a scroll of fog for 60 gold pieces
 81938 | Vaults:2 | Bought 2 scrolls of teleportation for 90 gold pieces
 81938 | Vaults:2 | Bought a scroll of revelation for 112 gold pieces
 82245 | Lair:4   | Killed dertzug's ghost
 82337 | Lair:5   | Killed Rupert
 82785 | Swamp:1  | Entered Level 1 of the Swamp
 83064 | Swamp:1  | Noticed Kirke
 83070 | Swamp:1  | Killed Kirke
 83094 | Swamp:1  | Found a runed translucent gate.
 83095 | Swamp:1  | Found a runed translucent gate.
 83095 | Swamp:1  | Noticed Uwih's ghost (adept DrSh)
 83096 | Swamp:1  | Found a runed translucent gate.
 83383 | Swamp:1  | Killed Uwih's ghost
 84755 | Swamp:3  | Reached XP level 24. HP: 135/135 MP: 33/40
 85253 | Swamp:4  | Entered Level 4 of the Swamp
 85267 | Swamp:4  | Reached skill level 15 in Translocations
 85372 | Swamp:4  | Reached skill level 15 in Invocations
 85545 | Swamp:4  | Got a decaying rune of Zot
 86173 | Slime:1  | Entered Level 1 of the Pits of Slime
 86192 | Slime:1  | Gained mutation: You are frail. (-10% HP) [a shining eye]
 86548 | Slime:2  | Gained mutation: Your body sometimes deteriorates upon
                  | taking damage. [a shining eye]
 86634 | Slime:1  | Gained mutation: You do not regenerate when monsters are
                  | visible. [a shining eye]
 87227 | Slime:3  | Gained mutation: You occasionally shout uncontrollably at
                  | your foes. [a shining eye]
 87228 | Slime:3  | Gained mutation: You sometimes lose your temper in combat.
                  | [a shining eye]
 87840 | Slime:3  | Reached skill level 19 in Shapeshifting
 88217 | Slime:5  | Entered Level 5 of the Pits of Slime
 88312 | Slime:5  | Gained mutation: You are clumsy. (Dex -2) [a shining eye]
 88424 | Slime:5  | Gained mutation: You have hidden genetic defects. [a
                  | shining eye]
 88427 | Slime:5  | Gained mutation: Your body often deteriorates upon taking
                  | damage. [a shining eye]
 88696 | Slime:5  | Noticed the Royal Jelly
 88711 | Slime:5  | Killed the Royal Jelly
 88940 | Slime:5  | Found the +2 pair of slick slippers {slick, slippery, EV+4}
 88977 | Slime:5  | Got the Codex of Classification
 88990 | Slime:5  | Got a slimy rune of Zot
 89005 | Slime:5  | Identified the +9 rapier of Light {elec, +Blink Str+3}
 89012 | Slime:5  | Identified the +2 ring mail of Yesterday {Str+3}
 89033 | Slime:5  | Identified the ring "Boruchux" {rC+ Dex+3 SInv}
 89036 | Slime:5  | Identified the ring "Tiofish" {Fly rC+ rCorr}
 90130 | Vaults:3 | Lost mutation: You sometimes lose your temper in combat.
                  | [potion of mutation]
 90130 | Vaults:3 | Lost mutation: You are clumsy. (Dex -2) [potion of
                  | mutation]
 90130 | Vaults:3 | Lost mutation: You are frail. (-10% HP) [potion of
                  | mutation]
 90130 | Vaults:3 | Gained mutation: Your magical capacity is low. (-10% MP)
                  | [potion of mutation]
 90130 | Vaults:3 | Gained mutation: Your flesh is cold resistant. (rC+)
                  | [potion of mutation]
 90130 | Vaults:3 | Gained mutation: You passively map a small area around you.
                  | [potion of mutation]
 90131 | Vaults:3 | Lost mutation: Your body often deteriorates upon taking
                  | damage. [potion of mutation]
 90131 | Vaults:3 | Lost mutation: Your magical capacity is low. (-10% MP)
                  | [potion of mutation]
 90131 | Vaults:3 | Gained mutation: You are strong-willed. (Will+) [potion of
                  | mutation]
 90131 | Vaults:3 | Gained mutation: You are robust. (+10% HP) [potion of
                  | mutation]
 90132 | Vaults:3 | Lost mutation: Your flesh is cold resistant. (rC+) [potion
                  | of mutation]
 90132 | Vaults:3 | Lost mutation: You do not regenerate when monsters are
                  | visible. [potion of mutation]
 90132 | Vaults:3 | Gained mutation: You have an increased reservoir of magic.
                  | (+10% MP) [potion of mutation]
 90132 | Vaults:3 | Gained mutation: You sometimes lose your temper in combat.
                  | [potion of mutation]
 90133 | Vaults:3 | Lost mutation: You are strong-willed. (Will+) [potion of
                  | mutation]
 90133 | Vaults:3 | Lost mutation: You passively map a small area around you.
                  | [potion of mutation]
 90133 | Vaults:3 | Lost mutation: You have an increased reservoir of magic.
                  | (+10% MP) [potion of mutation]
 90133 | Vaults:3 | Lost mutation: Your body sometimes deteriorates upon taking
                  | damage. [potion of mutation]
 90133 | Vaults:3 | Lost mutation: You sometimes lose your temper in combat.
                  | [potion of mutation]
 90220 | Crypt:1  | Entered Level 1 of the Crypt
 90240 | Crypt:1  | Gained mutation: You have terrible hidden genetic defects.
                  | [hidden defects]
 90373 | Crypt:1  | Reached XP level 25. HP: 154/154 MP: 41/41
 91158 | Crypt:2  | Noticed Margery
 91418 | Crypt:1  | Killed Margery
 91427 | Crypt:1  | Gained mutation: You occasionally lose the ability to drink
                  | potions when taking damage. [hidden defects]
 91427 | Crypt:1  | Lost mutation: You have terrible hidden genetic defects.
                  | [hidden defects expressed]
 91481 | Crypt:1  | Lost mutation: You occasionally lose the ability to drink
                  | potions when taking damage. [potion of mutation]
 91481 | Crypt:1  | Lost mutation: You occasionally shout uncontrollably at
                  | your foes. [potion of mutation]
 91481 | Crypt:1  | Gained mutation: You sometimes lose your temper in combat.
                  | [potion of mutation]
 91481 | Crypt:1  | Gained mutation: Your flesh is cold resistant. (rC+)
                  | [potion of mutation]
 91481 | Crypt:1  | Gained mutation: A frigid envelope surrounds you and
                  | freezes all who hurt you. [potion of mutation]
 91481 | Crypt:1  | Gained mutation: Your flesh is heat resistant. (rF+)
                  | [potion of mutation]
 91482 | Crypt:1  | Lost mutation: Your flesh is heat resistant. (rF+) [potion
                  | of mutation]
 91482 | Crypt:1  | Lost mutation: You sometimes lose your temper in combat.
                  | [potion of mutation]
 91482 | Crypt:1  | Lost mutation: You have hidden genetic defects. [potion of
                  | mutation]
 91482 | Crypt:1  | Gained mutation: You are partially covered in iridescent
                  | scales. (AC +2) [potion of mutation]
 91482 | Crypt:1  | Gained mutation: Your spells are a little harder to cast,
                  | but a little more powerful. [potion of mutation]
 91545 | Crypt:2  | Noticed Saint Roka
 91562 | Crypt:2  | Killed Saint Roka
 91563 | Crypt:2  | Reached skill level 20 in Shapeshifting
 92256 | Crypt:3  | Entered Level 3 of the Crypt
 92467 | Crypt:3  | Learned a level 3 spell: Swiftness
 92991 | Crypt:3  | Found a basalt altar of Yredelemnul.
 93016 | Crypt:3  | Found an ancient bone altar of Kikubaaqudgha.
 93078 | Crypt:3  | Got the Vellum of Abhorrent Secrets
 93082 | Crypt:3  | Identified the +10 halberd of Ru's Inspiration {drain,
                  | ^Fragile rElec rN++ SInv}
 93304 | Crypt:3  | Found a staircase to the Tomb.
 93422 | Crypt:3  | Found an ancient bone altar of Kikubaaqudgha.
 93869 | Zot:1    | Entered Level 1 of the Realm of Zot
 93869 | Zot:1    | Noticed an ancient lich
 93869 | Zot:1    | Noticed an ancient lich
 93874 | Zot:1    | Killed an ancient lich
 93880 | Depths:4 | Killed an ancient lich
 93965 | Zot:1    | Reached skill level 21 in Shapeshifting
 94280 | Zot:1    | Reached skill level 5 in Air Magic
 94290 | Zot:1    | Reached XP level 26. HP: 163/163 MP: 34/41
 94460 | Zot:1    | Found a transporter.
 94467 | Zot:1    | Found a transporter.
 94468 | Zot:1    | Found a transporter.
 94470 | Zot:1    | Found a transporter.
 96012 | Zot:3    | Noticed an orb of fire
 96018 | Zot:3    | Gained mutation: You are mostly covered in iridescent
                  | scales. (AC +4) [an orb of fire]
 96021 | Zot:3    | Killed an orb of fire
 96022 | Zot:3    | Reached skill level 22 in Shapeshifting
 96970 | Zot:3    | Found a shimmering blue altar of Sif Muna.
 96985 | Zot:3    | Found a shimmering blue altar of Sif Muna.
 97559 | Zot:4    | Identified the storm talisman of Seiggona {rC+ SInv}
 97818 | Zot:5    | Entered Level 5 of the Realm of Zot
 98464 | Zot:5    | Noticed an orb of fire
 98466 | Zot:5    | Gained mutation: Potions are less effective at restoring
                  | your health. [an orb of fire]
 98477 | Zot:5    | Gained mutation: Your body sometimes deteriorates upon
                  | taking damage. [an orb of fire]
 98481 | Zot:5    | Killed an orb of fire
 98482 | Zot:5    | Reached skill level 23 in Shapeshifting
 98513 | Zot:5    | Noticed an orb of fire
 98518 | Zot:5    | Noticed an ancient lich
 98518 | Zot:5    | Noticed a dread lich
 98525 | Zot:5    | Gained mutation: You occasionally lose the ability to read
                  | scrolls when taking damage. [an orb of fire]
 98530 | Zot:5    | Killed an orb of fire
 98551 | Zot:5    | Killed a dread lich
 98603 | Zot:5    | Reached XP level 27. HP: 173/173 MP: 41/41
 98651 | Zot:5    | Noticed an orb of fire
 99095 | Zot:5    | Noticed an orb of fire
 99101 | Zot:5    | Lost mutation: You are robust. (+10% HP) [an orb of fire]
 99110 | Zot:5    | Killed an orb of fire
 99111 | Zot:5    | Lost mutation: You are mostly covered in iridescent scales.
                  | (AC +4) [potion of mutation]
 99111 | Zot:5    | Lost mutation: You are partially covered in iridescent
                  | scales. (AC +2) [potion of mutation]
 99111 | Zot:5    | Lost mutation: Your spells are a little harder to cast, but
                  | a little more powerful. [potion of mutation]
 99111 | Zot:5    | Lost mutation: A frigid envelope surrounds you and freezes
                  | all who hurt you. [potion of mutation]
 99112 | Zot:5    | Lost mutation: Your flesh is cold resistant. (rC+) [potion
                  | of mutation]
 99112 | Zot:5    | Lost mutation: Your body sometimes deteriorates upon taking
                  | damage. [potion of mutation]
 99112 | Zot:5    | Lost mutation: You occasionally lose the ability to read
                  | scrolls when taking damage. [potion of mutation]
 99112 | Zot:5    | Gained mutation: You possess an exceptional clarity of
                  | mind. [potion of mutation]
 99112 | Zot:5    | Gained mutation: You do not regenerate when monsters are
                  | visible. [potion of mutation]
 99112 | Zot:5    | Gained mutation: Your muscles are strong. (Str +4, Int/Dex
                  | -1) [potion of mutation]
 99112 | Zot:5    | Gained mutation: You are partially covered in iridescent
                  | scales. (AC +2) [potion of mutation]
 99124 | Zot:5    | Noticed an orb of fire
 99133 | Zot:5    | Gained mutation: Your spells are a little easier to cast,
                  | but a little less powerful. [an orb of fire]
 99134 | Zot:5    | Killed an orb of fire
 99158 | Zot:5    | Killed an ancient lich
 99191 | Zot:5    | Noticed an orb of fire
 99193 | Zot:5    | Lost mutation: You possess an exceptional clarity of mind.
                  | [an orb of fire]
 99197 | Zot:5    | Gained mutation: You are dopey. (Int -2) [an orb of fire]
 99203 | Zot:5    | Killed an orb of fire
 99348 | Zot:5    | Noticed an orb of fire
 99360 | Zot:5    | Killed an orb of fire
 99416 | Zot:5    | Noticed an ancient lich
 99429 | Zot:5    | Killed an ancient lich
 99527 | Zot:5    | Gained mutation: You are vulnerable to cold. (rC-) [an orb
                  | of fire]
 99530 | Zot:5    | Gained mutation: Your magical capacity is low. (-10% MP)
                  | [an orb of fire]
 99532 | Zot:5    | Killed an orb of fire
 99624 | Zot:5    | Reached skill level 24 in Shapeshifting
 99674 | Zot:5    | Noticed an ancient lich
 99691 | Zot:5    | Killed an ancient lich
 99945 | Depths:4 | Lost mutation: You do not regenerate when monsters are
                  | visible. [potion of mutation]
 99945 | Depths:4 | Lost mutation: Your magical capacity is low. (-10% MP)
                  | [potion of mutation]
 99945 | Depths:4 | Lost mutation: You are vulnerable to cold. (rC-) [potion of
                  | mutation]
 99945 | Depths:4 | Gained mutation: You occasionally lose the ability to read
                  | scrolls when taking damage. [potion of mutation]
 99945 | Depths:4 | Lost mutation: You are dopey. (Int -2) [potion of mutation]
 99946 | Depths:4 | Lost mutation: You are partially covered in iridescent
                  | scales. (AC +2) [potion of mutation]
 99946 | Depths:4 | Lost mutation: Your spells are a little easier to cast, but
                  | a little less powerful. [potion of mutation]
 99946 | Depths:4 | Lost mutation: Potions are less effective at restoring your
                  | health. [potion of mutation]
 99946 | Depths:4 | Gained mutation: You are frail. (-10% HP) [potion of
                  | mutation]
 99953 | Hell     | Entered the Vestibule of Hell
 99953 | Hell     | Noticed Geryon
 99963 | Hell     | Gained mutation: Your magical capacity is low. (-10% MP) [a
                  | cacodemon]
 99970 | Hell     | Killed Geryon
100402 | Hell     | Found a gateway to the Iron City of Dis.
100492 | Hell     | Found a gateway to the freezing wastes of Cocytus.
100613 | Hell     | Found a gateway to the decaying netherworld of Tartarus.
100669 | Hell     | Found a gateway to the ashen valley of Gehenna.
100845 | Zig:1    | Entered Level 1 of a ziggurat
100919 | Pan      | Entered Pandemonium
101525 | Pan      | Noticed Turghiun the pandemonium lord
101537 | Pan      | Gained mutation: You are dopey. (Int -2) [a cacodemon]
101547 | Pan      | Killed Turghiun the pandemonium lord
102237 | Pan      | Noticed Baimawoe the pandemonium lord
102242 | Pan      | Reached skill level 25 in Shapeshifting
102243 | Pan      | Killed Baimawoe the pandemonium lord
102499 | Pan      | Gained mutation: Your health recovers twice as slowly from
                  | being drained. [a cacodemon]
102775 | Pan      | Found an exit through the horrors of the Abyss.
103465 | Pan      | Noticed Mule the pandemonium lord
103487 | Pan      | Killed Mule the pandemonium lord
104099 | Pan      | Acquired 1265 gold pieces
104601 | Depths:2 | Escaped Pandemonium
104872 | Zot:5    | Lost mutation: Your magical capacity is low. (-10% MP)
                  | [potion of mutation]
104872 | Zot:5    | Lost mutation: You are dopey. (Int -2) [potion of mutation]
104872 | Zot:5    | Gained mutation: Your muscles are very strong. (Str +8,
                  | Int/Dex -2) [potion of mutation]
104872 | Zot:5    | Gained mutation: You have hidden genetic potential. [potion
                  | of mutation]
104872 | Zot:5    | Gained mutation: You are strong-willed. (Will+) [potion of
                  | mutation]
104873 | Zot:5    | Lost mutation: You occasionally lose the ability to read
                  | scrolls when taking damage. [potion of mutation]
104873 | Zot:5    | Lost mutation: You are frail. (-10% HP) [potion of
                  | mutation]
104873 | Zot:5    | Lost mutation: You have hidden genetic potential. [potion
                  | of mutation]
104873 | Zot:5    | Lost mutation: Your muscles are very strong. (Str +8,
                  | Int/Dex -2) [potion of mutation]
104873 | Zot:5    | Gained mutation: You possess an exceptional clarity of
                  | mind. [potion of mutation]
104952 | Zot:5    | Got the Orb of Zot
104992 | Zot:4    | Identified the +3 leather armour of the Hurting Gods {Int+2
                  | Dex+3 Slay+2}
105279 | D:12     | Noticed Vul Wayx the pandemonium lord
105504 | D:$      | Escaped with the Orb!

Illustrated notes

Levels and vault maps discovered:
D:1:      dpeg_arrival_houses_and_road, layout_loops_ring, fountainhead
D:2:      layout_loops_ring, uniq_sigmund
D:3:      minmay_general_purpose_star, layout_rooms,
          hellmonk_ecumenical_altar_inner_sanctum, uniq_crazy_yiuf_cottage
D:4:      layout_basic, hellmonk_okawaru_the_only_friend_you_need, uniq_robin
D:5:      lemuel_ice_spiral_2, layout_basic, minmay_temple_entry_fiery,
          nicolae_wooded_promenade, moated_statue, kennysheep_generic_room_3,
          uniq_prince_ribbit1
D:6:      layout_layer_cave, chequers_temple_overflow_statue_of_worship,
          cheibrodos_sewer_entry_sluice, uniq_jeremiah
D:7:      layout_layer_cave, mainiacjoe_overflow_alcove_3, old_standard_altar
D:8:      layout_basic, hellmonk_lair_entry_icy, serial_shops,
          nicolae_shop_trees
D:9:      minmay_inner_zag, layout_basic, fedhas_altar_fruit_tree, uniq_maurice
D:10:     layout_basic, mainiacjoe_overflow_alcove_2, uniq_erolcha,
          uniq_josephine
D:11:     layout_rooms
D:12:     minmay_concentric_multi, layout_stronghold, gauntlet_entry_generic
D:13:     layout_cave_pods, hangedman_vaults_entry_quadrant_bands,
          dancing_weapons_uskayaw, uniq_snorg
D:14:     layout_loops_corners, solitary_fountain, serial_shops, shop,
          nemelex_spade_bored_becter
D:15:     hangedman_slaughterboxes, uniq_azrael
Temple:   hellmonk_temple_two_chambers
Lair:1:   layout_gridlike, serial_rivers, chequers_serial_rivers_room_a,
          chequers_serial_rivers_room_b, chequers_serial_rivers_room_b,
          chequers_serial_rivers_micro_e, chequers_serial_rivers_small_3,
          chequers_serial_rivers_micro_b, basic_altar
Lair:2:   layout_chaotic_city, minmay_swamp_entry_reptiles, lemuel_fruit_fields,
          grunt_megastairs_4
Lair:3:   layout_roguey, nicolae_spider_entry_tight_spaces, grunt_megastairs_5,
          infiniplex_staircase_pool, uniq_urug
Lair:4:   layout_regular_city, gammafunk_ghost_icy
Lair:5:   guppyfry_lair_end_dragon, layout_long_grid,
          nicolae_slime_entry_slimehenge, uniq_rupert
Swamp:1:  nicolae_swamp_ascending_descending, layout_basic_swamp,
          gammafunk_ghost_hydra_chop, hangedman_swamp_blocks, swamp_pool_4,
          uniq_kirke
Swamp:2:  layout_basic_swamp, nicolae_swamp_oxbows, swamp_pool_1_2,
          nzn_swamp_dancing_lights
Swamp:3:  nzn_winding_woodlands_medium [nzn_winding_woodlands_5x5_checkerboard,
          nzn_winding_woodlands_5x15_garden,
          nzn_winding_woodlands_5x5_closed_star,
          nzn_winding_woodlands_hourglass,
          nzn_winding_woodlands_center_pierced_h,
          nzn_winding_woodlands_5x5_open_star,
          nzn_winding_woodlands_5x5_perimeter, nzn_winding_woodlands_5x15_pool,
          nzn_winding_woodlands_5x5_cross], layout_falls_marsh,
          hangedman_swamp_cone, swamp_pool_5, nicolae_swamp_long_stream
Swamp:4:  swamp, layout_basic_swamp
Spider:1: layout_chambers, ebering_ghost_xom, drop_trap
Spider:2: layout_chambers, gammafunk_ghost_tricky_traps,
          nicolae_spider_scorpion_nest
Spider:3: layout_spider_delve
Spider:4: grunt_spider_rune_circles, special_room [special_room_bee],
          nicolae_spider_solar_radiation
Slime:1:  layout_caves
Slime:2:  layout_caves
Slime:3:  layout_caves, nicolae_slime_rock_hall_of_fame
Slime:4:  layout_caves
Slime:5:  slime_pit_nicolae_royal_road_to_ruin
Orc:1:    layout_caves
Orc:2:    pf_orc_diabolical, layout_caves, gammafunk_ghost_grave,
          nicolae_shop_vocational
Elf:1:    nicolae_elf_arrival_aired_out, layout_onion_city,
          nicolae_elf_crossing_hall, st_stairs_12, minivault_28
Elf:2:    nicolae_elf_blades_splatter_lattice [mumra_blade_entry_dagger],
          layout_geoelf_diagonals, portal_ice_cave_entry_ugly_swarm,
          st_stairs_12
Elf:3:    minmay_elf_hall_x, layout_gridlike, serial_glass, glass_columns_a,
          glass_columns_c, minmay_crystal_room
Vaults:1: nicolae_vaults_taking_the_gang_shopping, v_alt_pattern_4,
          vaults_dpeg_hooks, ontoclasm_vaults_fault,
          ontoclasm_vaults_ring_large, vaults_room_stairs_pillars,
          nicolae_vaults_tangram_1, nicolae_vaults_weapon_check,
          hangedman_vaults_stream, nicolae_vaults_shipping_containers_7,
          nicolae_vaults_little_squares_5, nicolae_vaults_what_the_h,
          ontoclasm_vaults_bender, nicolae_vaults_tetromino_T_1,
          nicolae_vaults_border_crossing, layout_vaults_omnibox, serial_shops,
          shop, uniq_donald
Vaults:2: nicolae_vaults_network_quincunx
          [nicolae_vaults_network_quincunx_subvault,
          nicolae_vaults_network_quincunx_subvault,
          nicolae_vaults_network_quincunx_subvault,
          nicolae_vaults_network_quincunx_subvault,
          nicolae_vaults_network_quincunx_subvault],
          nicolae_vaults_variable_pillar_hall_cross, dpeg_vaults_monster_box,
          nicolae_vaults_ring_of_whatevers, nicolae_vaults_tetromino_T_1,
          hangedman_vaults_snaps, nicolae_vaults_little_ls,
          vaults_dpeg_encased_lava, layout_vaults_chaotic_city, serial_shops,
          shop_fountains, uniq_norris
Vaults:3: mu_enter_wizlab_4, minmay_crypt_entry_necro_gods,
          nicolae_vaults_storage_closets_3, nicolae_vaults_trapezoid_lopsided_1,
          grunt_vaults_swirl, nicolae_vaults_three_branches,
          nicolae_vaults_alarming, vaults_room_pool, nicolae_vaults_wine_cellar,
          vaults_room_corners, layout_vaults_omnigrid
Vaults:4: vaults_room_fancy_cross, v_misc_5, nicolae_vaults_big_ls, v_pattern_3,
          nicolae_vaults_house_3, v_misc_2, nicolae_vaults_prndl,
          vaults_mumra_chevron, nicolae_vaults_six-pack, v_misc_1,
          nicolae_vaults_diamond_1, layout_vaults_ring, serial_shops, shop
Vaults:5: serial_shops
Crypt:1:  layout_gridlike, serial_co_window_serial, co_window_corner_a,
          co_window_paths_a, co_window_of_opportunity_a, co_window_paths_a,
          co_window_paths_a, co_window_cross_2, co_window_unsneaky_path_a,
          co_window_unsneaky_path_c, co_window_of_opportunity_c,
          co_window_4corner_b, co_window_paths_e, glass_columns_c,
          glass_columns_b, glass_columns_a, glass_columns_c
Crypt:2:  layout_misc_corridors, uniq_saint_roka, uniq_margery
Crypt:3:  lightli_unholy_cathedral, layout_chaotic_city,
          tomb_entry_shell_bobbens, lemuel_statue_altar
Depths:1: layout_cross, enter_ziggurat_a, minmay_misc_feat_five,
          grunt_hell_entry_demonic_statue, serial_bayou_pond_d,
          minmay_variable_closet, grunt_ministairs_9, nicolae_diode_basic
Depths:2: minmay_diamond_stairs, layout_cave_shapes, hell_entry,
          abyss_entry_crystal, rand_demon_pan_entry_1, uniq_asterion
Depths:3: minmay_crescents, layout_small_grid, pf_hell_entry_tar_spiral,
          rand_demon_pan_entry_5, corexii_corridor_pit, minmay_room_of_horrors,
          nicolae_good_shop
Depths:4: grunt_zot_entry_alcove, layout_cave_pools, nrook_campfire, hell_entry,
          minmay_misc_feat_rugged, uniq_xtahua, uniq_parghit
Hell
Zot:1:    hangedman_snap_crack_crunch, layout_cathedral_of_symmetry,
          nicolae_transporter_circle
Zot:2:    layout_misc_corridors, hangedman_zot_decor_scrapings
Zot:3:    layout_basic, regret_index_zotdec_magical_s
Zot:4:    layout_misc_corridors, uniq_josephina
Zot:5:    layout_misc_corridors

Skill      XL: |  1  2  3  4  5  6  7  8  9 10 11 12 13 14 15 16 17 18 19 20 21 22 23 24 25 26 27 |
---------------+----------------------------------------------------------------------------------+-----
Dodging        | 3 4 5 6 7 8 9 10 11 12 13 14 15 16 17 | 17.4
Stealth        | 1 2 |  2.0
Shapeshifting  | 3 4 5 6 7 8 9 10 11 12 13 14 16 17 18 19 21 23 25 | 25.7
Fighting       | 2 3 4 5 6 7 8 9 10 11 12 13 14 15 16 17 18 20 22 | 22.8
Invocations    | 1 2 3 4 5 6 7 8 9 11 12 14 15 | 15.4
Unarmed Combat | 4 5 6 7 8 9 10 11 12 13 14 16 17 18 19 | 19.1
Evocations     | 1 2 3 4 5 6 7 8 9 11 14 15 16 17 18 | 18.7
Hexes          | 3 6 8 11 13 14 16 17 18 19 20 21 22 | 22.3
Spellcasting   | 1 3 4 5 6 7 8 9 10 11 12 13 | 13.0
Transmutations | 1 3 5 6 |  6.4
Earth Magic    | 2 |  2.0
Air Magic      | 1 5 |  5.0
Translocations | 3 5 8 11 14 17 | 17.0

Action                     |  1- 3 |  4- 6 |  7- 9 | 10-12 | 13-15 | 16-18 | 19-21 | 22-24 | 25-27 || total
---------------------------+-------+-------+-------+-------+-------+-------+-------+-------+-------++-------
  Melee: Unarmed           |   101 |   169 |   303 |   586 |  1567 |  1572 |  1208 |  1258 |  1269 ||  8033
         Bite              |     3 |    15 |    35 |   110 |   289 |   273 |   200 |   201 |   170 ||  1296
         Punch             |       |     2 |     8 |       |    63 |   158 |   171 |   172 |   198 ||   772
         Maw               |       |       |       |       |   258 |   666 |   211 |       |       ||  1135
         Tailslap          |       |       |       |       |       |       |     3 |     1 |       ||     4
   Cast: Cause Fear        |       |       |       |     2 |     4 |     2 |     2 |       |       ||    10
         Tukima's Dance    |       |       |       |       |     1 |       |    35 |     5 |       ||    41
         Yara's Violent Un |       |       |       |       |       |    10 |    24 |    22 |    30 ||    86
         Enfeeble          |       |       |       |       |       |    30 |   144 |    85 |    79 ||   338
         Blink             |       |       |       |       |       |     3 |     9 |     7 |     3 ||    22
         Silence           |       |       |       |       |       |     1 |     2 |       |       ||     3
         Passage of Golubr |       |       |       |       |       |       |     1 |       |     1 ||     2
         Apportation       |       |       |       |       |       |       |    11 |     4 |    12 ||    27
         Manifold Assault  |       |       |       |       |       |       |     2 |   113 |    54 ||   169
         Passwall          |       |       |       |       |       |       |     1 |       |     1 ||     2
         Discord           |       |       |       |       |       |       |       |    15 |    70 ||    85
 Invoke: Upheaval          |       |       |     1 |     1 |       |     1 |       |       |       ||     3
         Elemental Force   |       |       |       |     4 |     3 |     3 |     1 |       |       ||    11
         Disaster Area     |       |       |       |       |       |     2 |     8 |     7 |     6 ||    23
Ability: Begin Untransform |       |       |       |       |       |       |     1 |     2 |       ||     3
         Blinkbolt         |       |       |       |       |       |       |       |       |    37 ||    37
  Evoke: Wand              |       |       |    15 |    19 |    18 |    46 |       |     2 |       ||   100
         Condenser vane    |       |       |       |     2 |       |     3 |     2 |     1 |       ||     8
         Lightning rod     |       |       |       |       |    16 |    17 |     7 |     1 |       ||    41
         Phantom mirror    |       |       |       |       |       |     2 |     3 |     2 |     2 ||     9
         Box of beasts     |       |       |       |       |       |       |     4 |     1 |     1 ||     6
         Phial of floods   |       |       |       |       |       |       |     1 |       |       ||     1
    Use: Potion            |     1 |     3 |     2 |     1 |     2 |     9 |    10 |    13 |    21 ||    62
         Scroll            |       |     8 |     3 |    13 |    14 |    14 |     7 |     9 |     5 ||    73
   Stab: Sleeping          |     6 |     1 |       |       |       |       |       |       |       ||     7
         Distracted        |       |     1 |       |     1 |     1 |       |     1 |     1 |     4 ||     9
         Paralysed         |       |       |     2 |     9 |     9 |     1 |     1 |     1 |       ||    23
         Confused          |       |       |       |       |     4 |       |       |       |       ||     4
         Petrified         |       |       |       |       |       |     1 |       |       |       ||     1
         Invisible         |       |       |       |       |       |    13 |    66 |    31 |    18 ||   128
 Armour: Skin              |    30 |    71 |   108 |   106 |   374 |   814 |   785 |   746 |   572 ||  3606
  Dodge: Dodged            |    98 |   136 |   257 |   555 |  1504 |  1614 |  1710 |  1981 |  1683 ||  9538
         Repelled          |       |       |     1 |     3 |     3 |    32 |    12 |    34 |    23 ||   108
  Block: Other             |       |    18 |    34 |   151 |   406 |   496 |   529 |   633 |   648 ||  2915
         Reflection        |       |       |       |       |       |       |     4 |    20 |     6 ||    30
   Form: Flux              |       |       |     1 |     1 |       |       |       |       |       ||     2
         Maw               |       |       |       |     1 |     1 |       |       |       |       ||     2
         Statue            |       |       |       |       |       |       |     4 |     6 |     1 ||    11
         Dragon            |       |       |       |       |       |       |     3 |     6 |     1 ||    10
         Storm             |       |       |       |       |       |       |       |     1 |     1 ||     2

Table legend: (Time is in decaauts)
 A = Elapsed time spent in this place.
 B = Non-inter-level travel time spent in this place.
 C = Inter-level travel time spent in this place.
 D = Time resting spent in this place.
 E = Time spent auto-exploring this place.
 F = Levels seen in this place.
 G = Mean time per level.
                   A        B        C        D        E       F      G
               +--------+--------+--------+--------+--------+-----+--------+
         Total | 118640 | 106570 |  12070 |  28512 |  50734 |  66 | 1797.6 |
       Dungeon |  30498 |  26560 |   3938 |   8547 |  11481 |  15 | 2033.2 |
        Temple |      1 |      1 |      0 |      0 |      0 |   1 |    1.0 |
          Lair |   9674 |   8839 |    835 |   2418 |   4572 |   5 | 1934.8 |
         Swamp |   4602 |   4266 |    336 |    231 |   3006 |   4 | 1150.5 |
   Spider Nest |  11483 |  10800 |    683 |   5266 |   3241 |   4 | 2870.8 |
    Slime Pits |   5089 |   4453 |    636 |    535 |   2651 |   5 | 1017.8 |
  Orcish Mines |   6641 |   5983 |    658 |   3314 |   1429 |   2 | 3320.5 |
   Elven Halls |   8468 |   7500 |    968 |   1609 |   3678 |   3 | 2822.7 |
        Vaults |  13758 |  12234 |   1524 |   2131 |   6135 |   5 | 2751.6 |
         Crypt |   4755 |   4338 |    417 |    406 |   2966 |   3 | 1585.0 |
        Depths |   7293 |   6397 |    896 |   1447 |   3501 |   4 | 1823.2 |
          Hell |    960 |    957 |      3 |      0 |    716 |   1 |  960.0 |
           Zot |   8964 |   7790 |   1174 |   1127 |   4337 |   5 | 1792.8 |
   Pandemonium |   3585 |   3585 |      0 |    411 |   2381 |   4 |  896.2 |
      Ziggurat |     11 |     11 |      0 |      0 |      0 |   1 |   11.0 |
         Sewer |    345 |    345 |      0 |     34 |     12 |   1 |  345.0 |
      Ice Cave |   1341 |   1341 |      0 |    432 |    472 |   1 | 1341.0 |
        Wizlab |    632 |    632 |      0 |    353 |    153 |   1 |  632.0 |
      Gauntlet |    533 |    533 |      0 |    248 |      0 |   1 |  533.0 |
               +--------+--------+--------+--------+--------+-----+--------+

Top non-repeatable levels by time:
    D:15: 5916 daAuts
   Orc:2: 4615 daAuts
   Elf:2: 3786 daAuts
    D:12: 3643 daAuts
Vaults:1: 3533 daAuts
Spider:1: 3437 daAuts
Spider:2: 3231 daAuts
Spider:3: 3111 daAuts
    D:13: 2939 daAuts
   Zot:5: 2872 daAuts
Vaults:3: 2831 daAuts
   Elf:1: 2569 daAuts
Vaults:4: 2545 daAuts
Depths:1: 2533 daAuts
Vaults:2: 2531 daAuts
